 Dungeon Crawl Stone Soup version 0.26.1-2-gb8aa6d0cf2 (webtiles) character file.

Game seed: 16059750887724290538

2928 jlumianski the Cleaver (level 9, -4/80 HPs)
             Began as a Palentonga Fighter on Mar 1, 2021.
             Was a Priest of Okawaru.
             Killed from afar by Erica (35 damage)
             ... with a bolt of poison
             ... on level 7 of the Dungeon.
             The game lasted 00:33:26 (7073 turns).

jlumianski the Cleaver (Palentonga Fighter)         Turns: 7073, Time: 00:33:27

Health: -4/80      AC: 18    Str: 23    XL:     9   Next: 50%
Magic:  11/11      EV:  5    Int:  8    God:    Okawaru [***...]
Gold:   289        SH: 10    Dex: 10    Spells: 8/8 levels left

rFire    . . .     SeeInvis +   a - +0 war axe
rCold    . . .     Faith    .   c - +0 kite shield
rNeg     . . .     Spirit   .   R - +0 chain mail {Will+}
rPois    .         Reflect  .   (no helmet)
rElec    .         Harm     .   m - +0 cloak
rCorr    .         Rampage  .   C - +0 pair of gloves
Will     ++...                  (no barding)
Stlth    ..........             l - amulet of regeneration
HPRegen  0.63/turn              y - ring of willpower
MPRegen  0.12/turn              (no ring)

@: lethally poisoned (-4 -> -18), curled up
A: large, rugged brown scales 3, see invisible, deformed body, roll 1, armoured
tail, reflexive curl
a: Rolling Charge, Renounce Religion, Heroism


You were on level 7 of the Dungeon.
You worshipped Okawaru.
Okawaru was most pleased with you.
You visited 2 branches of the dungeon, and saw 9 of its levels.
You also visited: Ossuary.

You collected 445 gold pieces.
You spent 156 gold pieces at shops.

Inventory:

Hand Weapons
 a - a +0 war axe (weapon)
 f - a +0 dagger of venom
Missiles
 g - 23 poisoned darts (quivered)
 n - 210 stones
 s - 16 boomerangs
 w - 7 javelins
 A - 5 atropa-tipped darts
Armour
 b - a +0 scale mail
 c - a +0 kite shield (worn)
 e - a +0 chain mail
 m - a +0 cloak (worn)
 C - a +0 pair of gloves (worn)
 R - a +0 chain mail of willpower (worn)
Jewellery
 l - an amulet of regeneration (around neck)
 u - an uncursed ring of magical power
 y - a ring of willpower (left hand)
 O - an uncursed ring of magical power
Wands
 x - a wand of random effects (18)
 D - a wand of iceblast (4)
 N - a wand of acid (10)
Scrolls
 p - 2 scrolls of blinking {unknown}
 t - a scroll of brand weapon {unknown}
 B - 4 scrolls of identify
 E - a scroll of amnesia {unknown}
 F - 2 scrolls of teleportation
 J - 2 scrolls of fear
 L - a scroll of fog {unknown}
 M - 2 scrolls of magic mapping
 P - a scroll of enchant weapon {unknown}
 Q - a scroll of random uselessness {unknown}
Potions
 d - 2 potions of might
 h - 2 potions of attraction
 i - a potion of haste {unknown}
 j - 5 potions of brilliance
 k - 4 potions of heal wounds
 o - 2 potions of flight
 q - 3 potions of curing
 r - a potion of mutation {unknown}
 v - 2 potions of degeneration
 z - a potion of cancellation {unknown}
 G - a potion of lignification {unknown}
 H - a potion of invisibility {unknown}
 I - a potion of ambrosia {unknown}
Miscellaneous
 K - a box of beasts


   Skills:
 + Level 5.9 Fighting
 + Level 8.5 Axes
 + Level 1.4 Throwing
 + Level 5.1 Armour
 + Level 1.3 Dodging
 + Level 0.2 Stealth
 + Level 5.0 Shields
 * Level 3.7 Invocations
 - Level 0.1 Evocations


You had 8 spell levels left.
You didn't know any spells.
Your spell library contained the following spells:

 Spells                   Type           Power        Failure   Level
 Foxfire                  Conj/Fire      0%           100%        1
 Magic Dart               Conj           0%           100%        1
 Shock                    Conj/Air       0%           100%        1
 Ignite Poison            Fire/Tmut/Pois 0%           100%        3
 Hailstorm                Conj/Ice       0%           100%        4
 Sticky Flame             Conj/Fire      0%           100%        4
 Iron Shot                Conj/Erth      0%           100%        6


Dungeon Overview and Level Annotations

Branches:
Dungeon (8/15)             Temple (1/1) D:5         Ossuary (visited)
   Lair: D:8-11

Altars:
Cheibriados
Dithmenos
Fedhas
Gozag
Makhleb
Okawaru
Sif Muna
Trog

Shops:
D:4 }   D:6 (

Annotations:
D:2 1 runed translucent door, Crazy Yiuf
D:3 2 transporters, krixvar's ghost, amateur FoAK
D:7 2 transporters, Cheops's ghost, novice DgEE; Erica


Innate Abilities, Weirdness & Mutations

You are completely covered in rugged brown scales. (AC +3, +7% HP)
You have supernaturally acute eyesight. (SInv)
Armour fits poorly on your strangely shaped body.
You can roll at nearby foes to attack.
You have a long armoured tail.
You curl defensively after being hit.


Message History

Level annotation: 2 transporters, Cheops's ghost, novice DgEE You feel sick.
There is a stone staircase leading down here.
You feel sick.
You feel like a meek peon again.
You feel sick.
You feel sick.
Erica points at you and mumbles some strange words.
The bolt of poison hits you.
You are more poisoned.
Aiming: Iceblast
Press: ? - help, Shift-Dir - straight line, f - Erica
Aim: Erica, wielding a +1 scimitar of flaming and wearing a +1 robe of willpower (almost dead)
The mass of ice explodes!
The iceblast engulfs Erica.
Erica is almost dead.
You feel sick.
Erica points at you and mumbles some strange words.
The bolt of poison hits you!!
You are more poisoned.
You die...

######### #### ##### #..)....#
...######## #...# #.#####.#####
..........# #...###'#####.....#
..........#####.......).)..####.#
..........'.....@.@...>....##....
..........#####............##.###
..........# #.##.........##.#
...##.##### #.##.........##.###
...##.## ####.##.........#.....
#####..# ##....##.........#..###
##.####.....##(........#.....
#.......©..............#..###
#.#############........#.....


You could see Erica.

Vanquished Creatures
  Sigmund (D:2)
  An orc warrior (D:7)
  A sky beast (D:6)
  3 black bears
  A phantom (D:5)
  A necrophage (D:6)
  4 ogres
  4 centaurs
  A big kobold (D:7)
  4 bullfrogs (D:6)
  2 water moccasin zombies (Ossuary)
  A scorpion (D:6)
  3 howler monkeys
  2 bullfrog zombies
  A jelly (D:5)
  An orc wizard (D:5)
  3 hounds
  A bullfrog skeleton (D:5)
  3 orc priests
  A centaur skeleton (D:4)
  An iguana (D:5)
  4 worker ants
  A killer bee zombie (D:5)
  2 big kobold zombies (Ossuary)
  A hound zombie (D:6)
  2 mummies (Ossuary)
  A hound skeleton (D:6)
  A worker ant zombie (D:5)
  3 gnolls (D:5)
  9 adders
  A shadow imp (D:7)
  A white imp (D:6)
  2 oozes (D:2)
  7 adder zombies
  An adder skeleton (D:5)
  A worm (D:4)
  4 dart slugs (D:1)
  4 leopard geckos
  18 orcs
  2 ball pythons
  3 giant cockroaches (D:1)
  5 goblins (D:1)
  6 hobgoblins
  9 jackals
  3 quokkas
  8 bats
  3 frilled lizards
  2 gnoll zombies (Ossuary)
  3 hobgoblin zombies (Ossuary)
  11 kobolds
  8 kobold zombies (Ossuary)
  A leopard gecko skeleton (D:5)
  3 orc zombies (Ossuary)
  A quokka skeleton (D:6)
  5 rats
176 creatures vanquished.

Vanquished Creatures (others)
  3 fungi (D:2)
3 creatures vanquished.

Grand Total: 179 creatures vanquished

Notes
Turn   | Place    | Note
-------+----------+-------------------------------------------
     0 | D:1      | jlumianski the Palentonga Fighter began the quest for the
                  | Orb.
     0 | D:1      | Reached XP level 1. HP: 20/20 MP: 1/1
    41 | D:1      | Reached XP level 2. HP: 25/27 MP: 2/2
   454 | D:1      | Reached XP level 3. HP: 33/33 MP: 3/3
   874 | D:2      | Noticed Sigmund
   882 | D:2      | Killed Sigmund
   883 | D:2      | Reached skill level 4 in Axes
   883 | D:2      | Reached XP level 4. HP: 29/42 MP: 4/4
   883 | D:2      | Reached XP level 5. HP: 34/49 MP: 5/5
  1715 | D:2      | Found a runed translucent door.
  1716 | D:2      | Noticed Crazy Yiuf
  2085 | D:3      | Reached XP level 6. HP: 50/55 MP: 6/6
  2331 | D:3      | Found a transporter.
  2336 | D:3      | Noticed krixvar's ghost (amateur FoAK)
  2351 | D:3      | Found a transporter.
  2747 | D:4      | Found Boqeint's Gadget Shoppe.
  2781 | D:4      | Bought a wand of iceblast (8) for 156 gold pieces
  2854 | D:5      | Entered Level 5 of the Dungeon
  2947 | D:5      | Found a sand-covered staircase.
  2956 | Ossuary  | Entered an ossuary
  3038 | Ossuary  | Reached skill level 5 in Axes
  3094 | Ossuary  | Gained mutation: You curl defensively after being hit.
                  | [Palentonga growth]
  3094 | Ossuary  | Reached XP level 7. HP: 63/63 MP: 7/7
  3315 | D:5      | Found a staircase to the Ecumenical Temple.
  3328 | Temple   | Entered the Ecumenical Temple
  3341 | Temple   | Became a worshipper of Warmaster Okawaru
  3371 | D:6      | Found Ynaawk's Weapon Shoppe.
  3385 | D:6      | Reached skill level 6 in Axes
  4053 | D:5      | Reached XP level 8. HP: 45/71 MP: 8/8
  4097 | D:5      | Reached * piety under Okawaru
  4143 | D:6      | Reached skill level 7 in Axes
  4143 | D:6      | Reached skill level 1 in Throwing
  4877 | D:6      | Reached skill level 5 in Fighting
  4877 | D:6      | Reached skill level 1 in Dodging
  4877 | D:6      | Reached skill level 1 in Invocations
  5043 | D:5      | Reached ** piety under Okawaru
  5482 | D:6      | Identified the Incunabulum of Igneous Attacks
  5594 | D:6      | Reached XP level 9. HP: 72/79 MP: 10/10
  5889 | D:7      | Reached skill level 8 in Axes
  5892 | D:7      | Reached skill level 5 in Armour
  5973 | D:7      | Noticed Cheops's ghost (novice DgEE)
  5975 | D:7      | Found a transporter.
  5977 | D:7      | Found a transporter.
  6519 | D:7      | Reached *** piety under Okawaru
  6641 | D:7      | Reached skill level 5 in Shields
  7018 | D:8      | Noticed Erica
  7073 | D:7      | Killed from afar by Erica

Illustrated notes

Levels and vault maps discovered:
D:1:      mainiacjoe_arrival_reflecting_pool, layout_basic, serial_park_tiny_1
D:2:      layout_basic, kennysheep_generic_room_11, uniq_crazy_yiuf_cottage,
          uniq_sigmund
D:3:      layout_basic, gammafunk_ghost_stat_death, serial_curves,
          eino_curves_03, eino_curves_02
D:4:      black_bear_nest_1, layout_basic, serial_shops, shop,
          grunt_ministairs_13
D:5:      layout_basic, minmay_temple_entry_hall,
          lightli_ossuary_entry_decrepit_ruins
D:6:      layout_loops_ring, serial_shops,
          nicolae_shop_temple_entry_statues_fountains, st_stairs_6
D:7:      layout_basic, gammafunk_ghost_mausoleum
D:8:      layout_layer_cave, grunt_ministairs_2, uniq_erica
Temple:   grunt_wide_crystal_templ

Skill      XL: |  1  2  3  4  5  6  7  8  9 |
---------------+----------------------------+-----
Axes           | 4 5 6 7 8 |  8.5
Armour         | 3 4 5 |  5.1
Shields        | 3 4 5 |  5.0
Fighting       | 4 5 |  5.9
Throwing       | 1 |  1.4
Dodging        | 1 |  1.3
Invocations    | 2 3 |  3.7
Stealth        | |  0.2
Evocations     | |  0.1

Action                   |  1- 3 |  4- 6 |  7- 9 || total
-------------------------+-------+-------+-------++-------
Melee: War axe           |    81 |   225 |   384 ||   690
       Tailslap          |     9 |    17 |    56 ||    82
Throw: Boomerang         |       |     3 |    21 ||    24
       Dart              |       |       |     5 ||     5
Invok: Heroism           |       |       |     3 ||     3
 Abil: Rolling Charge    |    26 |    13 |    32 ||    71
Evoke: Wand              |       |       |     4 ||     4
  Use: Scroll            |     4 |     5 |       ||     9
       Potion            |     2 |     2 |     2 ||     6
 Stab: Sleeping          |       |     1 |       ||     1
Armor: Scale mail        |     8 |       |       ||     8
       Chain mail        |    58 |   127 |   182 ||   367
Dodge: Dodged            |     6 |    17 |    70 ||    93
Block: Kite shield       |    45 |   127 |   175 ||   347
